Selects Australian Defense Battlegroup
Selects Australian Light Infantry Section
Australian Light Infantry Section
Australian Light Infantry Section
Australian Light Infantry Section
Construct Field Infirmary
Construct Section Command Post
Construct Platoon Command Post
Selects 2-pounder Anti-tank Gun Team
Construct Company Command Post
Selects Vehicle Over Repair
Selects CMP 15cwt Supply Run
Unlock M3 Grant Medium Tanks
Selects Reinforced Resource Caches
Selects Archer Tank Destroyer